 Dungeon Crawl Stone Soup version 0.31-a0-986-g5e6e4ef867 (webtiles) character file.

Game seed: 2939457704924278604

95 croobank the Vexing (level 4, -2/33 HPs)
             Began as a Demonspawn Hexslinger on Nov 20, 2023.
             Slain by Grinder (3 damage)
             ... on level 3 of the Dungeon.
             The game lasted 00:05:17 (2559 turns).

croobank the Vexing (Demonspawn Hexslinger)         Turns: 2559, Time: 00:05:18

Health: -2/33      AC:  4    Str:  5 (8)  XL:     4   Next: 39%
Magic:  6/6        EV: 12    Int: 14 (17) God:
Gold:   106        SH:  0    Dex: 14 (15) Spells: 6/6 levels left

rFire   . . .        a - +3 short sword
rCold   . . .        (no shield)
rNeg    . . .        c - +0 robe
rPois   .            o - +0 helmet
rElec   .            (no cloak)
rCorr   .            (no gloves)
SInv    .            (no boots)
Will    .....        (no amulet)
Stlth   +            e - ring of wizardry
HPRegen 0.25/turn    (no ring)
MPRegen 0.10/turn

%: wizardry (x1)
@: weak-willed, hasted, very quick
A: hooves 1, ignite blood 1, sharp scales 1
a: no special abilities


You were on level 3 of the Dungeon.
You visited 1 branch of the dungeon, and saw 3 of its levels.

You collected 106 gold pieces.

Inventory:

Hand Weapons
 a - a +3 short sword (weapon)
 b - a +1 sling
Missiles
 m - 7 boomerangs
Armour
 c - a +0 robe (worn)
 o - a +0 helmet (worn)
Jewellery
 e - a ring of wizardry (left hand)
Scrolls
 j - a scroll of amnesia {unknown}
 k - a scroll of revelation {unknown}
 l - a scroll of noise {unknown}


   Skills:
 + Level 2.0 Fighting
 + Level 2.3 Ranged Weapons
 + Level 2.3 Dodging
 + Level 1.7 Spellcasting
 + Level 3.4 Hexes
 + Level 1.5 Fire Magic


You had 6 spell levels left.
You didn't know any spells.
Your spell library contained the following spells:

 Spells                   Type           Power      Damage    Failure   Level
 Jinxbite                 Hex            20%        N/A       3%          2
 Sigil of Binding         Hex            10%        N/A       8%          3
 Tukima's Dance           Hex            10%        N/A       8%          3
 Inner Flame              Hex/Fire       8%         N/A       11%         3
 Cause Fear               Hex            5%         N/A       24%         4
 Dimensional Bullseye     Hex/Tloc       2%         N/A       43%         4
 Iskenderun's Mystic Bla  Conj/Tloc      1%         2d3       65%         4


Dungeon Overview and Level Annotations

Branches:
Dungeon (3/15)

Altars:
Trog

Annotations:
D:3 Grinder


Innate Abilities, Weirdness & Mutations

You have large cloven feet.
Your demonic aura sometimes causes spilled blood to erupt in flames.
You are partially covered in razor-sharp scales. (AC +1, Slay +1)


Message History

Grinder is lightly wounded.
You barely miss Grinder. You kick Grinder, but do no damage.
Grinder is lightly wounded.
Grinder barely misses you.
You hit Grinder. You kick Grinder, but do no damage.
Grinder is moderately wounded.
Grinder blinks!
You hit Grinder but do no damage. Your kick misses Grinder.
Grinder is moderately wounded.
You hit Grinder. You kick Grinder.
Grinder is moderately wounded.
Grinder hits you!
You writhe in agony.
You puncture Grinder!
Grinder is heavily wounded.
Grinder closely misses you.
You barely miss Grinder.
Grinder is heavily wounded.
You closely miss Grinder.
Grinder is heavily wounded.
Grinder hits you.
* * * LOW HITPOINT WARNING * * *
You writhe in agony.
* * * LOW HITPOINT WARNING * * *
You feel better. Grinder hits you.
* * * LOW HITPOINT WARNING * * *
You writhe in agony.
* * * LOW HITPOINT WARNING * * *
It was a potion of degeneration.
There was something very wrong with that liquid.
You feel weakened.
You feel dopey.
You feel clumsy.
You closely miss Grinder. You kick Grinder.
Grinder is heavily wounded.
Grinder closely misses you.
You hit Grinder.
Grinder is heavily wounded.
Grinder hits you.
* * * LOW HITPOINT WARNING * * *
You writhe in agony.
You die...
Grinder says, "Now the real fun starts!"

##.........#.....#
#§§°#.....).###.##..###
##§§§##.................
#§○○☼°##.#.######.#..###
#○§○☼§####........#..#
.°8§○§§###.....#.#..#
#§§○.§☼#######....#
##8§☼☼°○°§§○......#
#°.§@5○############
§§§8°○§§### #°○§○○###
#§○☼§○ ##§°○ #§○§ ##○ #§


You could see Grinder (weak-willed).

Vanquished Creatures
  2 adders (D:2)
  3 worms (D:2)
  2 dart slugs (D:1)
  4 orcs (D:2)
  4 endoplasms
  5 goblins
  5 hobgoblins
  7 jackals (D:2)
  7 kobolds
  3 quokkas (D:2)
  8 ball pythons
  A bat (D:1)
  2 frilled lizards (D:1)
  4 rats (D:1)
57 creatures vanquished.

Notes
Turn   | Place    | Note
-------+----------+-------------------------------------------
     0 | D:1      | croobank the Demonspawn Hexslinger began the quest for the
                  | Orb.
     0 | D:1      | Reached XP level 1. HP: 15/15 MP: 2/2
    37 | D:1      | Reached skill level 1 in Fire Magic
    99 | D:1      | Gained mutation: You have large cloven feet. [demonic
                  | ancestry]
    99 | D:1      | Reached XP level 2. HP: 10/21 MP: 3/3
  1308 | D:2      | Gained mutation: You are partially covered in razor-sharp
                  | scales. (AC +1, Slay +1) [demonic ancestry]
  1308 | D:2      | Reached XP level 3. HP: 26/26 MP: 4/4
  1810 | D:2      | Gained mutation: Your demonic aura sometimes causes spilled
                  | blood to erupt in flames. [demonic ancestry]
  1810 | D:2      | Reached XP level 4. HP: 26/33 MP: 6/6
  2537 | D:3      | Noticed Grinder
  2539 | D:3      | Paralysed by Grinder for 2 turns
  2544 | D:3      | Found a bloodstained altar of Trog.
  2559 | D:3      | HP: 1/33 [Grinder (2)]
  2559 | D:3      | Slain by Grinder

Illustrated notes

Levels and vault maps discovered:
D:1:      ncdulo_wetmaze, layout_basic, minmay_tree_intersection
D:2:      kennysheep_big_flooded_room, layout_loops_ring, grunt_decor_junction,
          reono_crystal_passage, wad_orctagon
D:3:      kennysheep_goblin_castle, layout_basic, lemuel_coloured_pillars_altar,
          fedhas_altar_2, lemuel_crystal_altar,
          minmay_overflow_temple_star_quad, uniq_terence, uniq_grinder

Skill      XL: |  1  2  3  4 |
---------------+-------------+-----
Fire Magic     | 1 |  1.5
Ranged Weapons | 2 |  2.3
Dodging        | 2 |  2.3
Fighting       | 2 |  2.0
Spellcasting   | |  1.7
Hexes          | |  3.4

Action                     |  1- 3 |  4- 6 || total
---------------------------+-------+-------++-------
  Melee: Short sword       |    10 |    49 ||    59
         Kick              |     3 |    17 ||    20
         Dagger            |     3 |       ||     3
   Fire: Sling             |   144 |     1 ||   145
    Use: Scroll            |       |     4 ||     4
         Potion            |       |     3 ||     3
 Armour: Robe              |    67 |    21 ||    88
  Dodge: Dodged            |    72 |    20 ||    92

Table legend: (Time is in decaauts)
 A = Elapsed time spent in this place.
 B = Non-inter-level travel time spent in this place.
 C = Inter-level travel time spent in this place.
 D = Time resting spent in this place.
 E = Time spent auto-exploring this place.
 F = Levels seen in this place.
 G = Mean time per level.
                   A        B        C        D        E       F      G
               +--------+--------+--------+--------+--------+-----+--------+
         Total |   2600 |   2566 |     34 |    477 |   1688 |   3 |  866.7 |
       Dungeon |   2600 |   2566 |     34 |    477 |   1688 |   3 |  866.7 |
               +--------+--------+--------+--------+--------+-----+--------+

Top non-repeatable levels by time:
     D:1: 1304 daAuts
     D:2: 1190 daAuts
     D:3: 106 daAuts
